MLB
MONTREAL EXPOS @ TEXAS RANGERS
03/02/2048
 
TOP OF THE 1ST
Montreal Expos batting - Pitching for Texas Rangers : RHP Kelly Goosecock
Pitching: RHP Kelly Goosecock
Batting: LHB Austin Ohmer 0-0: Swinging Strike
0-1: Ball
1-1: Ball
2-1: Foul Ball, location: 2F
2-2: Fly out, F7 (Flyball, 7D, EV 103.8 MPH)
Batting: LHB Steve Anderson 0-0: Called Strike
0-1: Ball
1-1: Ball
2-1: Ball
3-1: Foul Ball, location: 2F
3-2: Foul Ball, location: 2F
3-2: Strikes out swinging
Batting: RHB Mike Salmon 0-0: Fly out, F7 (Line Drive, 78M, EV 90.0 MPH)
Top of the 1st over - 0 runs, 0 hits, 0 errors, 0 left on base; Montreal 0 - Texas 0
BOTTOM OF THE 1ST
Texas Rangers batting - Pitching for Montreal Expos : RHP Jose Robles
Pitching: RHP Jose Robles
Batting: LHB Sean Geisler 0-0: Ball
1-0: Ball
2-0: Ball
3-0: Called Strike
3-1: Base on Balls
Batting: SHB John Giesbrecht 0-0: DOUBLE (Line Drive, 7LS, EV 113.1 MPH)
Sean Geisler to third
Runner from 3rd tries for Home, SAFE, throw by LF to home
Batting: SHB Vince Ealy 0-0: Ball
1-0: Ball
2-0: Hit by Pitch
Batting: LHB Andy Bowman 0-0: Ball
1-0: Fielders Choice at 2nd, 4-6 (Groundball, 4, EV 108.1 MPH)
John Giesbrecht to third
Batting: LHB Manuel Arguello 0-0: Called Strike
Andy Bowman steals 2nd base
0-1: Ball
1-1: Ball
2-1: Foul Ball, location: 2F
2-2: Fly out, F7 (Flyball, 7D, EV 104.4 MPH)
Runner from 3rd tags up, OUT at HOME! 7-2
Bottom of the 1st over - 1 run, 1 hit, 0 errors, 1 left on base; Montreal 0 - Texas 1
TOP OF THE 2ND
Montreal Expos batting - Pitching for Texas Rangers : RHP Kelly Goosecock
Batting: LHB Mark Marvin 0-0: Called Strike
0-1: Ball
1-1: Ball
2-1: Fly out, F3 (Line Drive, 3D, EV 68.1 MPH)
Batting: RHB Steve French 0-0: Called Strike
0-1: Ball
1-1: DOUBLE (Flyball, 8LXD, EV 106.2 MPH)
Batting: RHB Shigem Kubo 0-0: Ball
1-0: Foul Ball, location: 2F
1-1: Swinging Strike
1-2: Ball
2-2: Ball
3-2: Strikes out looking
Batting: RHB Tommy Mize 0-0: Ball
1-0: Fly out, F8 (Flyball, 89M, EV 73.8 MPH)
Top of the 2nd over - 0 runs, 1 hit, 0 errors, 1 left on base; Montreal 0 - Texas 1
BOTTOM OF THE 2ND
Texas Rangers batting - Pitching for Montreal Expos : RHP Jose Robles
Batting: RHB Blake Ballard 0-0: Called Strike
0-1: Ball
1-1: Swinging Strike
1-2: Strikes out swinging
Batting: RHB Zhao-ji Chi 0-0: SINGLE (Groundball, 34D, EV 108.1 MPH)
Batting: RHB Danny Heyer 0-0: Called Strike
0-1: Ball
1-1: Ball
2-1: Ball
3-1: Called Strike
Zhao-ji Chi is caught stealing 2nd base 2-4
3-2: Strikes out swinging
Bottom of the 2nd over - 0 runs, 1 hit, 0 errors, 0 left on base; Montreal 0 - Texas 1
TOP OF THE 3RD
Montreal Expos batting - Pitching for Texas Rangers : RHP Kelly Goosecock
Batting: RHB Jonathan Fraire 0-0: Ball
1-0: Ground out U3 (Groundball, 13, EV 86.9 MPH)
Batting: RHB Danny Diaz 0-0: Ball
1-0: Fly out, F7 (Flyball, 7, EV 95.0 MPH)
Batting: LHB Austin Ohmer 0-0: Called Strike
0-1: Swinging Strike
0-2: Strikes out swinging
Top of the 3rd over - 0 runs, 0 hits, 0 errors, 0 left on base; Montreal 0 - Texas 1
BOTTOM OF THE 3RD
Texas Rangers batting - Pitching for Montreal Expos : RHP Jose Robles
Batting: SHB Alvare Bairro 0-0: Ball
1-0: Ball
2-0: Foul Ball, location: 2F
2-1: Swinging Strike
2-2: Ball
3-2: Base on Balls
Batting: LHB Sean Geisler 0-0: Sac Bunt to P - play at first, batter OUT! 1-3
Alvare Bairro to second
Batting: SHB John Giesbrecht 0-0: Ball
1-0: Called Strike
1-1: Foul Ball, location: 2F
1-2: Foul Ball, location: 2F
1-2: Ball
2-2: Ball
3-2: Ground out U3 (Groundball, 3, EV 104.4 MPH)
Alvare Bairro to third
Pitching: RHP Joel Montenegro
Batting: SHB Vince Ealy 0-0: Foul Ball, location: 2F
0-1: 2-RUN HOME RUN (Flyball, 78XD, EV 111.2 MPH), Distance : 438 ft
Batting: LHB Andy Bowman 0-0: Foul Ball, location: 2F
0-1: Ball
1-1: Swinging Strike
1-2: Ball
2-2: Foul Ball, location: 2F
2-2: Ground out 1-3 (Groundball, 34S, EV 64.4 MPH)
Bottom of the 3rd over - 2 runs, 1 hit, 0 errors, 0 left on base; Montreal 0 - Texas 3
TOP OF THE 4TH
Montreal Expos batting - Pitching for Texas Rangers : RHP Kelly Goosecock
Batting: LHB Steve Anderson 0-0: Called Strike
0-1: Ball
1-1: Swinging Strike
1-2: Ball
2-2: Fly out, F8 (Flyball, 8LD, EV 90.6 MPH)
Batting: RHB Mike Salmon 0-0: Ball
1-0: Foul Ball, location: 2F
1-1: Foul Ball, location: 2F
1-2: Foul Ball, location: 2F
1-2: Ball
2-2: Foul Ball, location: 2F
2-2: SINGLE (Line Drive, 6D, EV 96.9 MPH)
Pitching: RHP Aaron Munt
Batting: LHB Mark Marvin 0-0: Ball
1-0: Foul Ball, location: 2F
1-1: Swinging Strike
1-2: Ball
2-2: TRIPLE (Line Drive, 89XD, EV 101.2 MPH)
Mike Salmon scores
Batting: RHB Steve French 0-0: Called Strike
0-1: Ball
1-1: Swinging Strike
1-2: Strikes out looking
Batting: RHB Shigem Kubo 0-0: Ball
1-0: Ball
2-0: Ball
3-0: Called Strike
3-1: Foul Ball, location: 2F
3-2: Base on Balls
Pitching: RHP Andrew Coker
Batting: RHB Tommy Mize 0-0: Called Strike
0-1: Foul Ball, location: 2F
0-2: Ball
1-2: Foul Ball, location: 2F
1-2: Fly out, F9 (Flyball, 9LS, EV 88.1 MPH)
Top of the 4th over - 1 run, 2 hits, 0 errors, 2 left on base; Montreal 1 - Texas 3
BOTTOM OF THE 4TH
Texas Rangers batting - Pitching for Montreal Expos : RHP Joel Montenegro
Pitching: RHP Nelson Dawson
Batting: LHB Manuel Arguello 0-0: Ball
1-0: Fly out, F8 (Flyball, 8RM, EV 90.0 MPH)
Batting: RHB Blake Ballard 0-0: Ball
1-0: Ball
2-0: Called Strike
2-1: Called Strike
2-2: Fly out, F9 (Flyball, 9, EV 90.0 MPH)
Batting: RHB Zhao-ji Chi 0-0: Ball
1-0: Foul Ball, location: 2F
1-1: Ground out 5-3 (Groundball, 56, EV 84.4 MPH)
Bottom of the 4th over - 0 runs, 0 hits, 0 errors, 0 left on base; Montreal 1 - Texas 3
TOP OF THE 5TH
Montreal Expos batting - Pitching for Texas Rangers : RHP Andrew Coker
Pitching: RHP Eric Richards
Now in LF: Martin Guerrero
Now in CF: Danny Murillo
Batting: RHB Jonathan Fraire 0-0: Called Strike
0-1: Foul Ball, location: 2F
0-2: Ball
1-2: Ball
2-2: Strikes out swinging
Batting: RHB Danny Diaz 0-0: Called Strike
0-1: Fly out, F9 (Flyball, 9, EV 87.5 MPH)
Batting: LHB Austin Ohmer 0-0: Foul Ball, location: 2F
0-1: Ball
1-1: Foul Ball, location: 2F
1-2: Ball
2-2: Foul Ball, location: 2F
2-2: Ball
3-2: Foul Ball, location: 2F
3-2: Base on Balls
Pitching: RHP Gavin Nelson
Pinch Hitting: SHB Lou Kroneman 0-0: Called Strike
Austin Ohmer is caught stealing 2nd base 2-6
Top of the 5th over - 0 runs, 0 hits, 0 errors, 0 left on base; Montreal 1 - Texas 3
BOTTOM OF THE 5TH
Texas Rangers batting - Pitching for Montreal Expos : RHP Nelson Dawson
Pitching: LHP Chris Ross
Now at 2B: Lou Kroneman
Now in CF: Austin Ohmer
Now in RF: Jake Rheaume
Batting: RHB Danny Heyer 0-0: Ball
1-0: SOLO HOME RUN (Line Drive, 78XD, EV 117.5 MPH), Distance : 460 ft
Batting: SHB Alvare Bairro 0-0: Called Strike
0-1: Ball
1-1: Foul Ball, location: 2F
1-2: Foul Ball, location: 2F
1-2: Strikes out swinging
Pinch Hitting: LHB Josh Stuck 0-0: Ball
1-0: Foul Ball, location: 2F
1-1: Called Strike
1-2: Strikes out swinging
Pinch Hitting: RHB Sean Neuroth 0-0: Fly out, F7 (Line Drive, 7, EV 90.0 MPH)
Bottom of the 5th over - 1 run, 1 hit, 0 errors, 0 left on base; Montreal 1 - Texas 4
TOP OF THE 6TH
Montreal Expos batting - Pitching for Texas Rangers : RHP Gavin Nelson
Now at 1B: Josh Stuck
Now at 2B: Sean Neuroth
Now in RF: Chad Thompson
Batting: SHB Lou Kroneman 0-0: Foul Ball, location: 2F
0-1: Foul Ball, location: 2F
0-2: Ball
1-2: Foul Ball, location: 2F
1-2: Strikes out swinging
Batting: RHB Robby Juarez 0-0: Ball
1-0: Ball
2-0: Ball
3-0: Base on Balls
Pinch Hitting: LHB Davion Lewis 0-0: Hit by Pitch
Robby Juarez to second
Batting: RHB Steve French 0-0: Ball
1-0: Called Strike
1-1: Called Strike
1-2: Ball
2-2: Foul Ball, location: 2F
2-2: Ball
3-2: Grounds into double play, 6-4-3 (Groundball, 6, EV 103.1 MPH)
Top of the 6th over - 0 runs, 0 hits, 0 errors, 1 left on base; Montreal 1 - Texas 4
BOTTOM OF THE 6TH
Texas Rangers batting - Pitching for Montreal Expos : LHP Chris Ross
Pitching: RHP Chet Tague
Now at 1B: Davion Lewis
Pinch Hitting: RHB Andres Mendiola 0-0: Called Strike
0-1: Ball
1-1: Ball
2-1: SINGLE (Groundball, 6MS, EV 83.8 MPH) (infield hit)
Batting: RHB Danny Murillo 0-0: Foul Ball, location: 2F
0-1: SINGLE (Line Drive, 6MD, EV 97.5 MPH)
Andres Mendiola to second
Batting: RHB Butch Kaiser 0-0: Ball
1-0: Ball
2-0: Called Strike
2-1: Foul Ball, location: 2F
2-2: Ball
3-2: Base on Balls
Andres Mendiola to third
Danny Murillo to second
Batting: RHB Chad Thompson 0-0: Ball
1-0: Foul Ball, location: 2F
1-1: Ball
2-1: Swinging Strike
2-2: Strikes out swinging
Batting: RHB Martin Guerrero 0-0: Ball
Wild Pitch!
Andres Mendiola scores
Danny Murillo to third
Butch Kaiser to second
1-0: Called Strike
1-1: Foul Ball, location: 2F
1-2: Ball
2-2: Strikes out swinging
Pinch Hitting: RHB Tim Adams 0-0: Called Strike
0-1: Ball
1-1: Foul Ball, location: 2F
1-2: Strikes out swinging
Bottom of the 6th over - 1 run, 2 hits, 0 errors, 2 left on base; Montreal 1 - Texas 5
TOP OF THE 7TH
Montreal Expos batting - Pitching for Texas Rangers : RHP Gavin Nelson
Pitching: LHP Alex Boites
Now at 3B: Tim Adams
Now at SS: Andres Mendiola
Pinch Hitting: LHB Bill McGregor 0-0: Ball
1-0: Ball
2-0: Foul Ball, location: 2F
2-1: Ball
3-1: Called Strike
3-2: Foul Ball, location: 2F
3-2: Strikes out looking
Batting: RHB Tommy Mize 0-0: Ground out 3-1 (Groundball, 34, EV 101.9 MPH)
Batting: LHB Jake Rheaume 0-0: Ball
1-0: Ball
2-0: Foul Ball, location: 2F
2-1: Foul Ball, location: 2F
2-2: Strikes out looking
Top of the 7th over - 0 runs, 0 hits, 0 errors, 0 left on base; Montreal 1 - Texas 5
BOTTOM OF THE 7TH
Texas Rangers batting - Pitching for Montreal Expos : RHP Chet Tague
Pitching: RHP Jakub Kvacek
Now at C: Nick Sharp
Now in LF: Jake Rheaume
Now in RF: Bill McGregor
Batting: SHB Alvare Bairro 0-0: Ball
1-0: Called Strike
1-1: Swinging Strike
1-2: Foul Ball, location: 2F
1-2: Ball
2-2: Strikes out swinging
Batting: LHB Josh Stuck 0-0: Ball
1-0: Ball
2-0: Called Strike
2-1: Called Strike
2-2: Foul Ball, location: 2F
2-2: Strikes out swinging
Batting: RHB Sean Neuroth 0-0: Ball
1-0: Called Strike
1-1: Swinging Strike
1-2: Ball
2-2: Ball
3-2: Base on Balls
Batting: RHB Andres Mendiola 0-0: Ball
1-0: Foul Ball, location: 2F
1-1: Swinging Strike
1-2: Foul Ball, location: 2F
1-2: Ball
2-2: Strikes out swinging
Bottom of the 7th over - 0 runs, 0 hits, 0 errors, 1 left on base; Montreal 1 - Texas 5
TOP OF THE 8TH
Montreal Expos batting - Pitching for Texas Rangers : LHP Alex Boites
Pitching: RHP Larry Legros
Batting: RHB Danny Diaz 0-0: Ball
1-0: SINGLE (Flyball, 6D, EV 87.5 MPH)
Batting: LHB Austin Ohmer 0-0: Called Strike
0-1: Foul Ball, location: 2F
0-2: Foul Ball, location: 2F
0-2: Foul Ball, location: 2F
0-2: Ball
1-2: Fly out, F9 (Flyball, 9S, EV 82.5 MPH)
Batting: SHB Lou Kroneman 0-0: Ball
1-0: Fly out, F7 (Flyball, 7D, EV 89.4 MPH)
Batting: RHB Robby Juarez 0-0: Reached on error, E5 (Groundball, 56S, EV 88.8 MPH)
Danny Diaz to second
Pitching: RHP Kyle Curve
Batting: LHB Davion Lewis 0-0: Called Strike
0-1: Ball
1-1: Swinging Strike
1-2: Ball
2-2: Strikes out swinging
Top of the 8th over - 0 runs, 1 hit, 1 error, 2 left on base; Montreal 1 - Texas 5
BOTTOM OF THE 8TH
Texas Rangers batting - Pitching for Montreal Expos : RHP Jakub Kvacek
Pitching: RHP Alec Murphy
Batting: RHB Danny Murillo 0-0: Called Strike
0-1: Ball
1-1: Ball
2-1: Ball
3-1: Base on Balls
Batting: RHB Butch Kaiser 0-0: SINGLE (Groundball, 34D, EV 101.2 MPH)
Danny Murillo to second
Runner from 2nd tries for 3rd, SAFE, no throw by RF
Batting: RHB Chad Thompson 0-0: Ball
1-0: Ball
2-0: Foul Ball, location: 2F
2-1: Ball
3-1: Swinging Strike
3-2: Foul Ball, location: 2F
3-2: Strikes out swinging
Batting: RHB Martin Guerrero 0-0: Ball
Butch Kaiser steals 2nd base
1-0: Fly out, F9 (Line Drive, 9, EV 97.5 MPH)
Batting: RHB Tim Adams 0-0: Ball
1-0: Ball
2-0: Called Strike
2-1: Ball
3-1: Foul Ball, location: 2F
3-2: Strikes out swinging
Bottom of the 8th over - 0 runs, 1 hit, 0 errors, 2 left on base; Montreal 1 - Texas 5
TOP OF THE 9TH
Montreal Expos batting - Pitching for Texas Rangers : RHP Kyle Curve
Pitching: RHP Gabe Baxter
Batting: RHB Steve French 0-0: Foul Ball, location: 2F
0-1: Ball
1-1: Ball
2-1: SOLO HOME RUN (Flyball, 9D, EV 99.4 MPH), Distance : 367 ft
Batting: LHB Bill McGregor 0-0: Called Strike
0-1: Foul Ball, location: 2F
0-2: Ball
1-2: Strikes out swinging
Batting: RHB Nick Sharp 0-0: Called Strike
0-1: Ball
1-1: Called Strike
1-2: Ball
2-2: Fly out, F8 (Flyball, 8LM, EV 89.4 MPH)
Batting: LHB Jake Rheaume 0-0: Called Strike
0-1: Ball
1-1: Ball
2-1: Called Strike
2-2: Foul Ball, location: 2F
2-2: Strikes out swinging
Top of the 9th over - 1 run, 1 hit, 0 errors, 0 left on base; Montreal 2 - Texas 5
Tuesday, March 28th , 2023 - OOTP Baseball 23.10 Build 110